 Dungeon Crawl Stone Soup version 0.21-a0-28-g9a7844a (webtiles) character file.

34068 Chiseanne the Fighter (level 13, -1/116 HPs)
             Began as a Centaur Air Elementalist on May 26, 2017.
             Was an Initiate of Gozag.
             Slain by a salamander
             ... wielding a +0 trident
              (13 damage)
             ... in a volcano.
             The game lasted 01:23:08 (34275 turns).

Chiseanne the Fighter (Centaur Air Elementalist)   Turns: 34275, Time: 01:23:08

Health: -1/116     AC: 22    Str: 15    XL:     13   Next: 40%
Magic:  26/26      EV: 11    Int: 21    God:    Gozag
Gold:   1297       SH:  0    Dex: 10    Spells: 14/31 levels left

rFire    + . .     SeeInvis .   a - +7 lajatang of Order {silver, rMut}
rCold    + . .     Gourm    .   (shield currently unavailable)
rNeg     . . .     Faith    .   m - +2 leather armour {rPois}
rPois    +         Spirit   .   Q - +2 helmet {Int+3}
rElec    .         Reflect  .   o - scarf {rC+ rF+}
rCorr    .         Harm     .   t - +1 pair of gloves {Str+3}
rMut     +                      f - +1 centaur barding {Fly}
MR       .....                  (no amulet)
Stlth    +.........             b - +4 ring of protection
Regen    0.3/turn               x - +3 ring of slaying
MPRegen  0.2/turn

@: gold aura, flying, very quick
A: hooves 3, deformed body, speed 2, tough skin 3
a: Potion Petition, Call Merchant, Bribe Branch, Renounce Religion, Stop Flying


You were in a volcano.
You worshipped Gozag.
Gozag was most pleased with you.
You were very full.

You visited 4 branches of the dungeon, and saw 20 of its levels.
You also visited: Volcano.

You collected 4703 gold pieces.
You spent 1552 gold pieces at shops.
You paid 1854 gold pieces to Gozag.

Inventory:

Hand Weapons
 a - the +7 lajatang of Order (weapon) {silver, rMut}
   (You took it off an orc warrior on level 11 of the Dungeon)

   It protects you from mutation.
 e - a +4 hand crossbow
 s - a +0 executioner's axe of protection
 w - a +0 blowgun
Missiles
 h - 439 stones (quivered)
 k - 25 tomahawks
 l - 156 sling bullets
 n - 8 silver tomahawks
 q - 83 bolts
 y - 2 throwing nets
 z - 69 poisoned needles
 F - 361 arrows
 G - 7 tomahawks of dispersal
Armour
 f - a +1 centaur barding of flying (worn)
 m - a +2 leather armour of poison resistance (worn)
 o - a scarf of resistance (worn)
 t - a +1 pair of gloves of strength (worn)
 D - a +2 hat of magic resistance
 Q - a +2 helmet of intelligence (worn)
Jewellery
 b - a +4 ring of protection (left hand)
 g - an uncursed ring of protection from magic
 r - a +3 ring of dexterity
 x - a +3 ring of slaying (right hand)
 C - an uncursed ring of flight
 I - a +3 ring of protection
 L - an uncursed ring of fire
Wands
 u - a wand of random effects (24/48)
 H - a wand of confusion (17/48)
Scrolls
 i - 11 scrolls of teleportation
 N - 3 scrolls of remove curse
 R - a scroll of fear
Potions
 d - 2 potions of lignification
 j - 3 potions of heal wounds
 v - 4 potions of brilliance
 A - 2 potions of magic
 B - a potion of curing
 E - 2 potions of agility
 J - 3 potions of ambrosia
 K - a potion of berserk rage
 O - a potion of might {unknown}
 P - 2 potions of haste
 T - 2 potions of flight
Comestibles
 c - 8 bread rations
 p - 11 meat rations


   Skills:
 - Level 11.3 Fighting
 * Level 5.6 Staves
 - Level 5.5 Armour
 - Level 10.0 Dodging
 - Level 1.1 Stealth
 * Level 9.5 Spellcasting
 - Level 1.0 Conjurations
 * Level 4.3 Air Magic


You had 14 spell levels left.
You knew the following spells:

 Your Spells              Type           Power        Failure   Level  Hunger
a - Shock                 Conj/Air       ###.         2%          1    None
b - Static Discharge      Conj/Air       ###.....     8%          3    None
c - Airstrike             Air            ####......   13%         4    ##.....
d - Summon Lightning Spi  Summ/Air       ###.....     32%         4    ##.....
e - Lightning Bolt        Conj/Air       ###.......   58%         5    ####...


Dungeon Overview and Level Annotations

Branches:
Dungeon (14/15)            Temple (1/1) D:6            Lair (3/6) D:11
 Shoals (0/4) Lair:2        Snake (0/4) Lair:3          Orc (2/2) D:9
    Elf: Orc:2       Vaults: D:13-14

Altars:
Ashenzari
Cheibriados
Dithmenos
Elyvilon
Fedhas
Gozag
Hepliaklqana
Kikubaaqudgha
Makhleb
Nemelex Xobeh
Okawaru
Qazlal
Ru
Sif Muna
Trog
Uskayaw
Vehumet
Wu Jian
Xom
Yredelemnul
Zin
The Shining One
Beogh

Shops:
D:8 *   D:9 [   D:12 [

Portals:
Trove: D:12 (give +3 shadow dragon scales)

Annotations:
D:3 1 runed door
D:6 Dowan
D:8 1 transporter, smzp's ghost, novice HOMo
Orc:2 Snorg


Innate Abilities, Weirdness & Mutations

You have hooves in place of feet.
Armour fits poorly on your strangely shaped body.
You cover ground very quickly.
You have extremely tough skin. (AC +3)


Message History

The salamander is almost dead.
The salamander hits you with a trident.
You are engulfed in flames.
You resist.
The salamander hits you but does no damage.
You slice the plant!! You kick the plant.
The plant is heavily damaged.
The salamander hits you with a trident!!
You are engulfed in flames.
You resist.
The salamander hits you but does no damage.
You hit the salamander.
The salamander is almost dead.
The salamander hits you but does no damage. x2
You slice the salamander!!
You kill the salamander!
The salamander hits you with a trident!!
* * * LOW HITPOINT WARNING * * *
You are engulfed in flames.
You resist.
* * * LOW HITPOINT WARNING * * *
The salamander hits you with a trident!
You die...
Your body crumbles into a pile of gold.

≈≈≈§≈≈≈
##≈≈§≈≈≈§≈§§§§
#§§§§≈≈§≈≈≈≈§
§≈§≈≈≈≈PPP≈≈
≈§≈≈§♣P.P.P♣♣♣ ≈
≈≈P.P..P.P.♣♣
≈≈§♣.P....♣...♣♣
♣...P♣P...♣..♣
♣$@...♣♣..♣
♣...PN..P♣♣.P♣
♣♣......≈≈♣♣.♣♣
♣.P.♣P§≈≈≈♣P.P♣
♣P.♣.♣≈≈≈≈≈♣P.♣♣
♣....♣≈≈≈§♣♣..♣
♣♣P. .≈≈§♣♣..P♣
♣§.P.≈≈§♣.P.P♣
♣P..♣♣


You could see a salamander (berserk).

Vanquished Creatures
  A hydra (D:12)
  A centaur warrior (D:13)
  3 two-headed ogres
  2 unseen horrors
  A flayed ghost (D:9)
  2 manticores
  A salamander (Volcano)
  2 ugly things
  2 spiny frogs
  A torpor snail (Lair:2)
  4 kobold demonologists
  2 rime drakes
  A queen bee (D:9)
  10 trolls
  2 hornets
  Grinder (D:6)
  3 slime creatures (D:12)
  5 hippogriffs
  A shadow (D:11)
  3 wraiths
  A wyvern (D:9)
  28 yaks
  A tarantella (shapeshifter) (D:13)
  A vampire (D:13)
  2 fire bats (Volcano)
  5 hogs
  A human (D:7)
  Grum (D:8)
  A hungry ghost (D:10)
  9 vampire mosquitoes
  2 steam dragons (Volcano)
  4 wargs (D:9)
  Edmund (D:5)
  3 water moccasins
  Duvessa (D:6)
  4 porcupines
  17 orc warriors
  A black bear (D:8)
  2 eyes of draining
  A hornet zombie (D:14)
  9 necrophages
  7 ogres
  3 phantoms
  3 wolves (D:8)
  12 centaurs
  3 crocodiles
  5 big kobolds
  13 bullfrogs
  Blork the orc (D:6)
  3 scorpions
  A water moccasin skeleton (D:5)
  37 killer bees
  4 wights (D:9)
  4 howler monkeys
  An electric eel (Lair:2)
  7 crimson imps
  4 centaur zombies
  2 jellies
  A quasit (D:11)
  11 orc priests
  A bullfrog zombie (D:5)
  8 hounds
  3 bullfrog skeletons
  18 orc wizards
  2 centaur skeletons (D:11)
  3 iguanas
  Ijyb (D:5)
  11 worker ants
  2 hound skeletons
  13 adders
  A howler monkey skeleton (D:9)
  4 shadow imps
  2 oozes
  An adder skeleton (D:4)
  3 worms
  8 leopard geckos
  64 orcs
  A ball python (D:1)
  8 bats
  5 giant cockroaches
  5 goblins
  7 hobgoblins
  14 jackals
  6 quokkas
  2 frilled lizards
  A jackal skeleton (D:8)
  A jackal zombie (D:6)
  31 kobolds
  A quokka skeleton (D:4)
  7 rats
499 creatures vanquished.

Vanquished Creatures (collateral kills)
  An orc (D:12)
1 creature vanquished.

Vanquished Creatures (others)
  2 wyverns (Volcano)
  A steam dragon (Volcano)
  A fungus (Lair:2)
  14 plants (Volcano)
18 creatures vanquished.

Grand Total: 518 creatures vanquished

Notes
Turn   | Place    | Note
-------+----------+-------------------------------------------
     0 | D:1      | Chiseanne the Centaur Air Elementalist began the quest for the Orb.
     0 | D:1      | Reached XP level 1. HP: 14/14 MP: 3/3
    51 | D:1      | Reached skill level 1 in Conjurations
   375 | D:1      | Reached XP level 2. HP: 15/22 MP: 4/4
   625 | D:1      | Reached skill level 1 in Fighting
  1442 | D:2      | Reached XP level 3. HP: 28/28 MP: 1/5
  2197 | D:2      | Reached skill level 2 in Fighting
  2547 | D:1      | Reached XP level 4. HP: 30/36 MP: 3/6
  2952 | D:2      | Learned a level 3 spell: Static Discharge
  3858 | D:3      | Reached XP level 5. HP: 41/44 MP: 0/7
  4208 | D:3      | Found a runed door.
  4334 | D:3      | Found a faded altar of an unknown god.
  4590 | D:3      | You fall through a shaft for 3 floors!
  4590 | D:6      | Found a staircase to the Ecumenical Temple.
  4591 | D:6      | Noticed Grinder
  4597 | Temple   | Entered the Ecumenical Temple
  4830 | D:6      | Killed Grinder
  4830 | D:6      | Reached skill level 4 in Fighting
  4830 | D:6      | Reached XP level 6. HP: 45/52 MP: 8/8
  4984 | D:5      | Entered Level 5 of the Dungeon
  5347 | D:6      | Noticed Blork the orc
  5365 | D:6      | Killed Blork the orc
  5418 | D:6      | Noticed Duvessa
  5432 | D:6      | Killed Duvessa
  5432 | D:6      | Reached skill level 5 in Fighting
  5432 | D:6      | Reached XP level 7. HP: 16/61 MP: 9/9
  5501 | D:6      | Noticed Dowan
  5915 | D:6      | Found a sparkling altar of Nemelex Xobeh.
  5916 | D:6      | Found an opulent altar of Gozag.
  5924 | D:6      | Became a worshipper of Gozag Ym Sagoz the Greedy
  5956 | D:5      | Noticed Ijyb
  5983 | D:5      | Killed Ijyb
  6158 | D:5      | Noticed Edmund
  6345 | D:5      | Killed Edmund
  6428 | D:5      | Reached skill level 6 in Fighting
  6428 | D:5      | Reached skill level 5 in Dodging
  6778 | D:5      | Reached XP level 8. HP: 57/70 MP: 10/10
  7432 | D:4      | Found an ornate altar of the Wu Jian Council.
  7697 | D:4      | Reached skill level 7 in Fighting
  8430 | D:6      | Found a shattered altar of Ashenzari.
  8431 | D:6      | Found a sacrificial altar of Ru.
  9138 | D:7      | HP: 3/74 [poisoned by a worker ant]
  9145 | D:6      | HP: 3/74 [poisoned by a worker ant]
  9153 | D:6      | HP: 2/74 [poisoned by a worker ant]
  9774 | D:7      | Reached XP level 9. HP: 81/81 MP: 10/12
 10067 | D:7      | Reached skill level 8 in Fighting
 11387 | D:8      | Found a roughly hewn altar of Beogh.
 11415 | D:8      | Noticed smzp's ghost (novice HOMo)
 11464 | D:7      | Reached skill level 9 in Fighting
 11770 | D:8      | Found a basalt altar of Yredelemnul.
 12175 | D:8      | Bought a +2 hat of magic resistance for 357 gold pieces
 12175 | D:8      | Bought a scroll of identify for 34 gold pieces
 12175 | D:8      | Bought a scroll of identify for 34 gold pieces
 12279 | D:8      | Noticed Grum
 12284 | D:8      | Reached XP level 10. HP: 77/91 MP: 11/16
 12290 | D:8      | Killed Grum
 13303 | D:9      | Found a stormy altar of Qazlal.
 13303 | D:9      | Found a glowing silver altar of Zin.
 13303 | D:9      | Found a radiant altar of Vehumet.
 13350 | D:9      | Got a fine chain mail
 13351 | D:9      | Found a staircase to the Orcish Mines.
 13612 | D:9      | Identified the +7 chain mail of the Assorted Stories {+Blink Str+3} (You found it on level 9 of the Dungeon)
 13653 | D:9      | Reached skill level 5 in Spellcasting
 14152 | D:9      | Noticed a manticore
 14175 | D:9      | Killed a manticore
 14175 | D:9      | Reached skill level 10 in Fighting
 14724 | D:9      | Learned a level 4 spell: Airstrike
 14730 | D:9      | Learned a level 5 spell: Lightning Bolt
 15139 | D:9      | Found a stormy altar of Qazlal.
 16435 | Orc:1    | Entered Level 1 of the Orcish Mines
 16449 | D:9      | Reached XP level 11. HP: 95/101 MP: 14/20
 18276 | D:9      | Noticed a flayed ghost
 18445 | D:9      | Killed a flayed ghost
 18555 | D:9      | Reached skill level 11 in Fighting
 19405 | D:9      | Bought a +1 pair of gloves of strength for 231 gold pieces
 19432 | Orc:2    | Entered Level 2 of the Orcish Mines
 19991 | Orc:2    | Found a roughly hewn altar of Beogh.
 20042 | Orc:2    | Noticed an orc sorcerer
 20119 | Orc:2    | Noticed Snorg
 20183 | D:9      | Bought a +1 centaur barding of flying for 490 gold pieces
 20723 | D:9      | Noticed a stone giant
 20871 | D:10     | Entered Level 10 of the Dungeon
 21027 | D:10     | Killed an unseen horror
 21493 | D:10     | Got a pitted dagger
 21928 | D:10     | Noticed a two-headed ogre
 21952 | D:10     | Killed a two-headed ogre
 21952 | D:10     | Reached skill level 1 in Armour
 22817 | D:11     | You are sucked into a shaft for 2 floors!
 22825 | D:13     | Noticed a two-headed ogre
 22850 | D:12     | Found a portal to a secret trove of treasure.
 23902 | D:11     | Noticed a sixfirhy
 24437 | D:11     | Reached XP level 12. HP: 57/110 MP: 12/23
 24932 | D:11     | Found a staircase to the Lair.
 25816 | D:12     | Learned a level 4 spell: Summon Lightning Spire
 25927 | D:12     | Identified the cursed +0 dagger of Capital Punishment {freeze, *Drain rN+++ MR+++ Str-5} (You found it on level 10 of the Dungeon)
 26267 | D:12     | Reached skill level 10 in Dodging
 26312 | D:12     | Noticed a four-headed hydra
 26659 | D:12     | Killed a five-headed hydra
 26659 | D:12     | Reached skill level 1 in Staves
 28261 | D:13     | Noticed a centaur warrior
 28271 | D:13     | Killed a centaur warrior
 28750 | D:13     | Paralysed by a hornet for 2 turns
 28889 | D:13     | Reached skill level 5 in Armour
 29076 | D:13     | Killed a two-headed ogre
 29938 | D:13     | Found an ancient bone altar of Kikubaaqudgha.
 30353 | D:13     | Reached XP level 13. HP: 72/116 MP: 17/26
 30918 | D:9      | Bought a +1 scale mail of poison resistance for 182 gold pieces
 30941 | D:9      | Bought a +2 leather armour of poison resistance for 224 gold pieces
 31053 | Lair:1   | Entered Level 1 of the Lair of Beasts
 32042 | Lair:2   | Found a staircase to the Shoals.
 32698 | Lair:1   | Reached skill level 5 in Staves
 33877 | Lair:3   | Found a dark tunnel.
 33891 | Volcano  | Entered a volcano
 34275 | Volcano  | Slain by a salamander

Vault maps used:
D:1:      dpeg_arrival_fog, hangedman_decor_lopped, st_stairs_3
D:2:      first_bread, minmay_goblin_kobold_house
D:3:      chequers_ecumenical_altar_twisty, st_stairs_12,
          uniq_crazy_yiuf_cottage
D:4:      wad_river_or_something, lemuel_round_altar
D:5:      uniq_edmund, uniq_ijyb
D:6:      grunt_temple_overflow_opulence, gammafunk_temple_overflow_statue,
          minmay_temple_entry_grid, uniq_grinder, uniq_duvessa,
          uniq_blork_the_orc
D:7:      grunt_livestock, corexii_checkpoint_a, minmay_misc_feat_square
D:8:      gammafunk_beogh_shrine, yredelemnul_altar_generic, uniq_grum
D:9:      gammafunk_temple_overflow_claw, minmay_orc_entry_guard_dogs,
          special_room, nicolae_qazlal_eye_of_the_storm
D:10:     serial_glass, glass_columns_c, glass_columns_b,
          minmay_strange_pillars, minmay_strange_pillars,
          minmay_strange_pillars, item_on_display_a
D:11:     lair_entry_dummy
D:12:     nicolae_trove_entry_free_sample
D:13:     basic_altar
D:14:     erik_vaults_1, fedhas_altar_2, nicolae_ru_path_of_blood, uniq_kirke,
          uniq_agnes
Temple:   minmay_temple_curvy_branch
Lair:2:   elwin_shoals_entry_rocks, roderic_carrion_pond,
          infiniplex_staircase_pool
Lair:3:   minmay_snake_entry_guardpost_small, nicolae_volcano_entry_two_sided
Orc:2:    st_orc_town, basic_altar, uniq_snorg, uniq_maurice
Volcano:  pf_volcano_lost_world

Skill      XL: |  1  2  3  4  5  6  7  8  9 10 11 12 13 |
---------------+----------------------------------------+-----
Conjurations   | 1 |  1.0
Fighting       | 1 2 4 5 6 7 9 10 11 | 11.3
Dodging        | 2 3 4 5 6 7 8 9 10 | 10.0
Spellcasting   | 2 4 6 7 9 |  9.5
Armour         | 2 5 |  5.5
Staves         | 4 5 |  5.6
Air Magic      | 4 |  4.3
Stealth        | |  1.1

Action                   |  1- 3 |  4- 6 |  7- 9 | 10-12 | 13-15 || total
-------------------------+-------+-------+-------+-------+-------++-------
Melee: Mace              |    76 |    60 |   307 |   537 |       ||   980
       Kick              |    10 |    19 |    92 |   236 |    56 ||   413
       Unarmed           |     5 |       |       |       |       ||     5
       Dagger            |       |    34 |    58 |    79 |       ||   171
       Lajatang          |       |       |       |   302 |   222 ||   524
 Cast: Shock             |    54 |    62 |    77 |   449 |    37 ||   679
       Static Discharge  |       |       |       |    58 |    11 ||    69
       Summon Lightning  |       |       |       |     6 |       ||     6
Invok: Call Merchant     |       |       |     1 |     2 |       ||     3
Evoke: Wand              |       |     8 |    14 |    32 |     3 ||    57
  Use: Scroll            |       |     8 |     6 |    17 |     5 ||    36
       Potion            |       |     2 |     1 |     3 |       ||     6
 Stab: Paralysed         |       |       |     1 |       |       ||     1
       Confused          |       |       |     1 |     1 |       ||     2
       Distracted        |       |       |       |     1 |     1 ||     2
       Sleeping          |       |       |       |     1 |       ||     1
  Eat: Chunk             |     4 |    11 |       |       |     1 ||    16
       Fruit             |       |       |     2 |     2 |     8 ||    12
       Bread ration      |       |       |     4 |     3 |     1 ||     8
       Royal jelly       |       |       |     1 |    21 |     3 ||    25
Armor: Robe              |    37 |    39 |   123 |   604 |    18 ||   821
       Leather armour    |       |       |       |       |   127 ||   127
Dodge: Dodged            |    81 |    66 |   287 |   974 |   134 ||  1542
